 Dungeon Crawl Stone Soup version 0.27.1-34-g3ba077fa99 (webtiles) character file.

Game seed: 4825691241767611989

268245 DildoBatman the Earth Mage (level 20, -10/147 HPs)
             Began as a Formicid Conjurer on Jan 19, 2022.
             Was an Initiate of Gozag.
             Mangled by a yaktaur captain (23 damage)
             ... on level 2 of the Vaults.
             The game lasted 02:40:14 (38740 turns).

DildoBatman the Earth Mage (Formicid Conjurer)     Turns: 38740, Time: 02:40:15

Health: -10/147    AC: 11    Str: 20    XL:     20   Next: 99%
Magic:  1/34       EV: 21    Int: 28    God:    Gozag
Gold:   9189       SH: 20    Dex: 21    Spells: 6/39 levels left

rFire    . . .     SeeInvis +   a - +7 dagger of Dying {drain, Drain rN+ Will+++ Str+5}
rCold    + + .     Faith    .   K - +0 tower shield
rNeg     + . .     Spirit   .   Z - +1 robe of Puest {rC+ Int+9}
rPois    .         Reflect  .   (helmet unavailable)
rElec    +         Harm     .   I - +1 cloak of Starlight {*Dazzle EV+4 Stlth--}
rCorr    .         Rampage  .   (no gloves)
Will     +++++                  A - +0 pair of boots
Stlth    +.........             r - amulet "Nibigg" {Fly Regen+ Str+3 SInv}
HPRegen  1.34/turn              B - ring "Goladucoxt" {rC+ AC+4 Stlth+}
MPRegen  0.24/turn              O - +6 ring of dexterity

@: flying
A: permanent stasis, dig shafts and tunnels, antennae 3, four strong arms,
strong-willed 1, electricity resistance, weak 1
}: 2/15 runes: serpentine, barnacled
a: Dig, Shaft Self, Renounce Religion, Potion Petition, Call Merchant, Bribe
Branch


You were on level 2 of the Vaults.
You worshipped Gozag.
Gozag was greatly pleased with you.
You visited 7 branches of the dungeon, and saw 34 of its levels.
You also visited: Ossuary, Gauntlet and Ice Cave.

You collected 11756 gold pieces.
You spent 1754 gold pieces at shops.
You paid 813 gold pieces to Gozag.

Inventory:

Hand Weapons
 a - the +7 dagger of Dying (weapon) {drain, Drain rN+ Will+++ Str+5}
   (You took it off an orc warrior on level 7 of the Dungeon)

   A truly terrible weapon, it drains the life of any living foe it strikes.
   Str:       It affects your strength (+5).
   rN:        It protects you from negative energy.
   Drain:     It drains your maximum health when unequipped.
   Will:      It greatly increases your willpower.
 d - the +7 hand axe of the Aged Visions {antimagic, rElec rF+ rCorr Stlth+}
   (You found it on level 2 of the Vaults)

   It reduces the magical energy of the wielder, and disrupts the spells and
   magical abilities of those it strikes.
   Natural abilities and divine invocations are not affected.
   rF:        It protects you from fire.
   rElec:     It insulates you from electricity.
   rCorr:     It protects you from acid and corrosion.
   Stlth:     It makes you more stealthy.
 g - the +8 rapier "Giantslayer" {antimagic, rF++ Stlth+}
   (You found it on level 3 of the Snake Pit)

   It reduces the magical energy of the wielder, and disrupts the spells and
   magical abilities of those it strikes.
   Natural abilities and divine invocations are not affected.
   rF:        It greatly protects you from fire.
   Stlth:     It makes you more stealthy.
 Q - the +3 flail of Vuyrew {vamp, rElec rF+}
   (You found it on level 2 of the Shoals)

   It occasionally heals its wielder for a portion of the damage dealt when it
   wounds a living foe.
   rF:        It protects you from fire.
   rElec:     It insulates you from electricity.
Missiles
 h - 1270 arrows
 m - 934 bolts
 n - 26 throwing nets
 R - 186 sling bullets
 X - 22 silver javelins
Armour
 s - the +4 ring mail of the Old World {Harm Str+4 Stlth+}
   (You found it on level 3 of the Snake Pit)

   Str:       It affects your strength (+4).
   Harm:      It increases damage dealt and taken.
   Stlth:     It makes you more stealthy.
 A - a +0 pair of boots (worn)
 I - the +1 cloak of Starlight (worn) {*Dazzle EV+4 Stlth--}
   (You found it on level 4 of the Lair of Beasts)

   It may blind those who miss an attack against the wearer in melee combat.
   EV:        It affects your evasion (+4).
   Stlth:     It makes you much less stealthy.
 K - a +0 tower shield (worn)
 Z - the +1 robe of Puest (worn) {rC+ Int+9}
   (You found it on level 11 of the Dungeon)

   Int:       It affects your intelligence (+9).
   rC:        It protects you from cold.
Magical Staves
 o - a staff of poison
Jewellery
 k - a ring of resist corrosion
 l - the ring "Pikua" {+Blink rPois rF+ rC+}
   (You found it on level 3 of the Dungeon)

   [ring of protection from fire]

   rF:        It protects you from fire.
   rC:        It protects you from cold.
   rPois:     It protects you from poison.
   +Blink:    It lets you blink.
 r - the amulet "Nibigg" (around neck) {Fly Regen+ Str+3 SInv}
   (You found it on level 4 of the Snake Pit)

   [amulet of regeneration]

   Str:       It affects your strength (+3).
   SInv:      It lets you see invisible.
   Fly:       It grants you flight.
   Regen:     It increases your rate of health regeneration.
 B - the ring "Goladucoxt" (left hand) {rC+ AC+4 Stlth+}
   (You bought it in a shop on level 6 of the Dungeon)

   [ring of protection]

   AC:        It affects your AC (+4).
   rC:        It protects you from cold.
   Stlth:     It makes you more stealthy.
 J - the ring of the Howling Jester {rPois rF+ Int+3 Stlth+}
   (You took it off a centaur on level 7 of the Dungeon)

   [ring of protection from fire]

   Int:       It affects your intelligence (+3).
   rF:        It protects you from fire.
   rPois:     It protects you from poison.
   Stlth:     It makes you more stealthy.
 O - a +6 ring of dexterity (right hand)
Wands
 b - a wand of acid (29)
 u - a wand of iceblast (46)
Scrolls
 c - a scroll of enchant armour
 f - 5 scrolls of fog
 w - 3 scrolls of summoning
 z - 6 scrolls of identify
 C - 2 scrolls of magic mapping
 D - 6 scrolls of immolation
 P - 3 scrolls of fear
 S - 2 scrolls of holy word
 V - 14 scrolls of amnesia
Potions
 i - 3 potions of resistance
 j - 11 potions of curing
 p - 2 potions of invisibility
 q - 7 potions of heal wounds
 t - 2 potions of ambrosia
 M - 3 potions of cancellation
 N - a potion of magic
 U - 7 potions of might
 Y - 6 potions of brilliance
Miscellaneous
 e - a condenser vane
 E - a box of beasts
 L - a phantom mirror


   Skills:
 - Level 10.0 Fighting
 - Level 10.0 Armour
 - Level 7.0 Dodging
 - Level 2.4 Stealth
 - Level 15.0 Shields
 - Level 10.0 Spellcasting
 - Level 6.0 Conjurations
 * Level 19.4 Necromancy
 - Level 6.0 Air Magic
 - Level 20.0 Earth Magic
 - Level 6.0 Poison Magic


You had 6 spell levels left.
You knew the following spells:

 Your Spells              Type           Power      Damage    Failure   Level
a - Borgnjor's Vile Clut  Necr/Erth      45%        N/A       1%          5
b - Bolt of Magma         Conj/Fire/Erth 29%        4d13      3%          5
c - Searing Ray           Conj           94%        3d6       1%          2
d - Vampiric Draining     Necr           44%        2d12      0%          3
e - Mephitic Cloud        Conj/Pois/Air  47%        N/A       1%          3
f - Magic Dart            Conj           100%       1d8       1%          1
g - Necromutation         Tmut/Necr      31%        N/A       99%         8
h - Dispel Undead         Necr           89%        3d28      0%          4
z - Sublimation of Blood  Necr           44%        N/A       0%          2

Your spell library contained the following spells:

 Spells                   Type           Power      Damage    Failure   Level
 Pain                     Necr           100%       1d9       0%          1
 Animate Dead             Necr           44%        N/A       0%          4
 Foxfire                  Conj/Fire      100%       2x1d9     1%          1
 Shock                    Conj/Air       100%       1d9       1%          1
 Corpse Rot               Necr/Air       N/A        N/A       1%          2
 Passwall                 Tmut/Erth      52%        N/A       1%          2
 Static Discharge         Conj/Air       47%        N/A       1%          2
 Leda's Liquefaction      Hex/Erth       31%        N/A       1%          4
 Petrify                  Tmut/Erth      63%        N/A       1%          4
 Agony                    Necr           89%        N/A       1%          5
 Excruciating Wounds      Necr           44%        N/A       1%          5
 Death Channel            Necr           44%        N/A       1%          6
 Dazzling Flash           Conj/Hex       60%        N/A       3%          3
 Airstrike                Air            23%        N/A       3%          4
 Olgreb's Toxic Radiance  Pois           47%        N/A       3%          4
 Ignite Poison            Fire/Tmut/Pois 25%        N/A       5%          3
 Call Imp                 Summ           14%        N/A       6%          2
 Slow                     Hex            14%        N/A       6%          2
 Wereblood                Tmut           14%        N/A       6%          2
 Lightning Bolt           Conj/Air       23%        1d39      10%         5
 Call Canine Familiar     Summ           14%        N/A       12%         3
 Confusing Touch          Hex            14%        N/A       12%         3
 Gell's Gravitas          Tloc           7%         N/A       12%         3
 Portal Projectile        Hex/Tloc       28%        N/A       12%         3
 Teleport Other           Tloc           14%        N/A       12%         3
 Fulminant Prism          Conj/Hex       15%        3d11      12%         4
 Hailstorm                Conj/Ice       30%        3d8       12%         4
 Iskenderun's Mystic Bla  Conj/Tloc      30%        2d8       12%         4
 Sticky Flame             Conj/Fire      30%        2d5       12%         4
 Simulacrum               Ice/Necr       31%        N/A       12%         6
 Freezing Cloud           Conj/Ice/Air   18%        6-21      22%         5
 Irradiate                Conj/Tmut      15%        3d19      32%         5
 Ice Form                 Ice/Tmut       14%        N/A       36%         4
 Summon Ice Beast         Ice/Summ       14%        N/A       36%         4
 Conjure Ball Lightning   Conj/Air       23%        3x3d6     45%         6
 Metabolic Englaciation   Hex/Ice        7%         N/A       73%         5
 Summon Forest            Summ/Tloc      7%         N/A       73%         5
 Summon Mana Viper        Hex/Summ       14%        N/A       73%         5
 Dispersal                Tloc           7%         N/A       99%         6
 Invisibility             Hex            7%         N/A       99%         6
 Shadow Creatures         Summ           N/A        N/A       99%         6
 Borgnjor's Revivificati  Necr           44%        N/A       9%          8
 Infestation              Necr           44%        N/A       9%          8
 Haunt                    Necr/Summ      31%        N/A       54%         7
 Death's Door             Necr           44%        N/A       80%         9
 Malign Gateway           Summ/Tloc      7%         N/A       100%        7
 Ozocubu's Refrigeration  Ice            7%         4d6       100%        7
 Storm Form               Tmut/Air       15%        N/A       100%        7
 Summon Hydra             Summ           7%         N/A       100%        7
 Ignition                 Fire           7%         3d4       100%        8
 Summon Horrible Things   Summ           7%         N/A       100%        8
 Polar Vortex             Ice            7%         N/A       100%        9
 Swiftness                Air            Unusable   N/A       N/A         3

Dungeon Overview and Level Annotations

Branches:
Dungeon (15/15)            Temple (1/1) D:4            Lair (6/6) D:8
 Shoals (4/4) Lair:2        Snake (4/4) Lair:3        Slime (0/5) Lair:5
    Orc (2/2) D:12            Elf (0/3) Orc:2        Vaults (2/5) D:14
 Depths (0/5) D:15        Ossuary (visited)           IceCv (visited)
Gauntlet (visited)
  Crypt: Vaults:2-3

Altars:
Ashenzari
Cheibriados
Dithmenos
Elyvilon
Fedhas
Gozag
Hepliaklqana
Kikubaaqudgha
Makhleb
Nemelex Xobeh
Okawaru
Qazlal
Ru
Sif Muna
Trog
Uskayaw
Vehumet
Wu Jian
Xom
Yredelemnul
Zin
The Shining One
Beogh
Jiyva
Lugonu

Shops:
D:2 (   D:5 :   D:6 =   Orc:2 :*([   Shoals:1 =   Snake:3 :=:   Snake:4 ?=
Vaults:1 (

Portals:
Abyss: Lair:6

Annotations:
D:10 exclusions: angel and profane servitor


Innate Abilities, Weirdness & Mutations

You cannot be hasted, slowed, berserked, paralysed or teleported.
You can dig through walls and to a lower floor.
You have a pair of large antennae on your head. (SInv)
Your four strong arms can wield two-handed weapons with a shield.
You are strong-willed. (Will+)
You are resistant to electric shocks. (rElec)
You are weak. (Str -2)


Message History

The zombie hands constrict the vault sentinel!
The vault sentinel shoots a bolt.
The bolt completely misses you.
The zombie hands constrict the vault sentinel!
The vault sentinel shoots a bolt.
You block the bolt.
You hear a shout!
The zombie hands constrict the vault sentinel!!
You kill the vault sentinel!
No target in view!
You start resting.
A yaktaur captain comes into view.
The yaktaur captain wields a +0 arbalest.
The yaktaur captain shoots a bolt.
The bolt hits you!!
The yaktaur captain shoots a bolt.
You block the bolt.
There is an open door here.
You reach down and close the door.
You start resting.
Something unseen opens the door.
You start resting.
A yaktaur captain is nearby!
The yaktaur captain shoots a bolt.
The bolt hits you!!
There is an open door, spattered with blood here.
Casting: Borgnjor's Vile Clutch (safe; 1% risk of failure)
Confirm with . or Enter, or press ? or * to list all spells.
Aiming: Borgnjor's Vile Clutch (safe; 1% risk of failure)
Press: ? - help, Shift-Dir - straight line, f - yaktaur captain
Aim: a yaktaur captain, wielding a +0 arbalest and quivering bolts (100% to hit)
Zombie hands grab the yaktaur captain.
The zombie hands constrict the yaktaur captain.
The yaktaur captain shoots a bolt.
The bolt hits you!!!
The zombie hands constrict the yaktaur captain!!
The yaktaur captain unwields a +0 arbalest.
The yaktaur captain hits you!!
You die...
Your body crumbles into a pile of gold.

$ #.....# #.....# #....(#
#.....################
#.....#.........'.....
#....$#.........#.....
#.....#.........#.....
#...c@'.........#....?
##########.....#.........+.....
#........#.....#.........#.....
#........#.....#.........+.....
#........#.....###########.....
#........#.....######## #.....
#........'.....'......# #.....
#........#.....#......######'##
#........#.....#......#...#...#


You could see a yaktaur captain (clutched).

Vanquished Creatures
  Saint Roka (Snake:4)
  Bai Suzhen (Snake:3)
  The ghost of Tzialkovskiy the Impregnable, an adept MiFi of Gozag (Snake:3)
  2 krakens
  Polyphemus (Shoals:3)
  4 nagarajas (Snake:4)
  A fire giant (Vaults:1)
  6 vault wardens
  Aizul (Shoals:3)
  7 ironbound preservers
  2 stone giants (Vaults:1)
  Nessos (Lair:5)
  2 dire elephants (Vaults:1)
  A deep elf annihilator (Vaults:2)
  A minotaur (Gauntlet)
  A blizzard demon (Gauntlet)
  6 merfolk javelineers
  10 merfolk impalers
  2 great orbs of eyes
  3 yaktaur captains
  Harold (D:8)
  5 vault guards
  2 ironbound thunderhulks
  13 naga warriors
  7 boulder beetles
  6 hydras
  4 anacondas
  2 alligator snapping turtles (Shoals:4)
  An ironbound frostheart (Vaults:1)
  A death knight (D:14)
  4 merfolk aquamancers
  8 centaur warriors
  2 merfolk avatars
  2 catoblepae
  A tengu warrior (D:9)
  3 satyrs
  6 two-headed ogres
  An orc high priest (Orc:2)
  The ghost of sneaky the Blocker, a novice GnFi of Makhleb (D:10)
  2 death yaks (Shoals:3)
  3 thrashing horrors (Lair:6)
  A hell knight (Vaults:1)
  6 shock serpents
  10 naga sharpshooters
  Sonja (D:11)
  3 ironbound beastmasters (Vaults:1)
  4 salamander mystics (Snake:4)
  9 skeletal warriors
  A golden dragon zombie (D:15)
  A glowing orange brain (Vaults:2)
  2 anaconda zombies (Snake:3)
  A sea snake (shapeshifter) (D:9)
  4 spectral anacondas (Snake:3)
  A flayed ghost (D:15)
  16 sea snakes
  18 deep trolls
  12 ironbound convokers
  An anaconda skeleton (Snake:3)
  5 lindwurms
  An orc knight (Orc:2)
  5 naga ritualists
  7 harpies
  2 necromancers
  6 mana vipers
  A mana viper (shapeshifter) (D:15)
  2 wizards
  3 deep elf pyromancers
  3 oklob plants (Lair:6)
  4 salamanders
  A faun (Shoals:1)
  10 ugly things
  2 orc sorcerers
  12 cyclopes
  A frost giant zombie (D:15)
  16 manticores
  9 vault sentinels
  An ice statue (IceCv)
  7 elephants
  A sphinx skeleton (D:15)
  23 black mambas
  6 merfolk sirens
  9 naga magi
  6 guardian serpents
  2 smoke demons
  A fire giant skeleton (D:15)
  4 water nymphs
  A centaur skeleton (D:15)
  10 cane toads
  An unseen horror (shapeshifter) (D:14)
  3 gargoyles
  3 kobold demonologists
  3 unseen horrors
  A freezing wraith (D:14)
  15 ice devils (IceCv)
  A rime drake (Lair:1)
  9 komodo dragons
  5 anaconda simulacra (Snake:3)
  An efreet (D:15)
  An ancient zyme (Lair:6)
  5 yaktaurs
  2 entropy weaver simulacra (IceCv)
  2 hornets
  9 trolls
  A red devil (Gauntlet)
  A jumping spider (shapeshifter) (Lair:6)
  A meliai (shapeshifter) (D:13)
  41 merfolk
  A hydra zombie (D:15)
  3 meliai (D:15)
  8 wind drakes
  A polar bear (Lair:6)
  A hydra skeleton (D:15)
  Prince Ribbit (D:8)
  A raiju (shapeshifter) (Lair:6)
  22 dream sheep
  23 blink frogs
  30 slime creatures
  8 snapping turtles
  A fire dragon zombie (D:14)
  2 centaur simulacra (Gauntlet)
  A spriggan (Lair:6)
  5 shadows
  7 water elementals
  4 wyverns
  2 dire elephant simulacra (IceCv)
  Sigmund (D:5)
  3 wraiths
  2 ynoxinuls
  8 basilisks
  36 yaks
  Eustachio (D:6)
  4 vampire mosquitoes
  A basilisk (shapeshifter) (Lair:6)
  2 chaos spawn (Lair:6)
  A steam dragon (D:9)
  3 death yak simulacra (IceCv)
  4 harpy simulacra (IceCv)
  4 large abominations (Lair:6)
  An acid dragon (D:12)
  24 nagas
  2 swamp worms (Gauntlet)
  2 two-headed ogre skeletons
  17 water moccasins
  A floating eye (shapeshifter) (Lair:6)
  An ice beast (D:6)
  A sky beast (D:8)
  3 elf skeletons
  2 manticore zombies (D:15)
  3 black bears
  49 orc warriors
  An ice dragon simulacrum (Gauntlet)
  11 ogres
  3 necrophages
  10 wolves
  5 boggarts (Vaults:1)
  20 centaurs
  3 kobold brigands (D:9)
  3 elf zombies
  Blork the orc (D:5)
  14 bullfrogs
  3 gnoll sergeants
  A wyvern zombie (D:13)
  3 cane toad simulacra (IceCv)
  3 scorpions
  2 cyclops skeletons (D:14)
  2 water moccasin zombies
  A cyclops zombie (D:13)
  8 small abominations (Lair:6)
  A hornet simulacrum (Gauntlet)
  9 killer bees
  5 elephant simulacra (IceCv)
  10 howler monkeys
  13 wights
  3 crimson imps (Gauntlet)
  A bullfrog zombie (D:7)
  11 centaur zombies
  3 hounds
  2 jellies
  Crazy Yiuf (D:2)
  2 iron imps (Gauntlet)
  16 orc priests
  A basilisk skeleton (D:14)
  2 iguanas
  26 orc wizards
  7 polar bear simulacra (IceCv)
  A troll simulacrum (IceCv)
  2 killer bee zombies
  A spriggan simulacrum (IceCv)
  2 wolf simulacra (IceCv)
  2 ogre zombies
  2 ogre skeletons
  3 mummies
  2 howler monkey zombies
  2 howler monkey skeletons (D:7)
  4 adders
  16 gnolls
  5 orc skeletons
  15 white imps
  4 ufetubi
  An adder skeleton (D:4)
  A dart slug (D:1)
  96 orcs
  2 bat zombies
  10 endoplasms
  5 giant cockroaches
  7 goblins
  11 hobgoblins
  3 jackals (D:1)
  5 quokkas
  10 ball pythons
  A ball python zombie (D:13)
  8 bats
  4 frilled lizards
  3 gnoll zombies (Ossuary)
  2 goblin zombies (Ossuary)
  A hobgoblin skeleton (D:14)
  2 hobgoblin zombies (Ossuary)
  22 kobolds
  A kobold skeleton (D:14)
  9 orc zombies
  8 rats
  A rat skeleton (D:15)
  7 butterflies (D:2)
  5 tentacles
1276 creatures vanquished.

Vanquished Creatures (others)
  Ilsuiw (Shoals:3)
  An ironbound beastmaster (Vaults:1)
  An endoplasm (D:1)
  4 jackals (D:1)
  27 fungi
  85 plants
  87 tentacles
  2 withered plants (D:15)
208 creatures vanquished.

Grand Total: 1484 creatures vanquished

Notes
Turn   | Place    | Note
-------+----------+-------------------------------------------
     0 | D:1      | DildoBatman the Formicid Conjurer began the quest for the
                  | Orb.
     0 | D:1      | Reached XP level 1. HP: 13/13 MP: 3/3
    17 | D:1      | You fall into a shaft and drop 1 floor!
    20 | D:2      | Found a faded altar of an unknown god.
    54 | D:2      | Found Qyrroc's Weapon Shop.
   209 | D:1      | Reached XP level 2. HP: 19/19 MP: 1/5
   212 | D:1      | Learned a level 2 spell: Searing Ray
   358 | D:1      | Reached XP level 3. HP: 24/24 MP: 6/6
  1092 | D:2      | Reached XP level 4. HP: 28/30 MP: 3/7
  1547 | D:2      | Found a runed translucent door.
  1548 | D:2      | Noticed Crazy Yiuf
  1769 | D:3      | Reached skill level 5 in Conjurations
  1894 | D:3      | Reached XP level 5. HP: 35/35 MP: 4/8
  2095 | D:3      | Identified the ring "Pikua" {+Blink rPois rF+ rC+}
  2420 | D:3      | Noticed a necrophage
  2428 | D:3      | Killed a necrophage
  2429 | D:3      | Reached skill level 1 in Fighting
  2429 | D:3      | Reached skill level 1 in Armour
  2429 | D:3      | Reached XP level 6. HP: 44/44 MP: 3/9
  2518 | D:3      | Found a stormy altar of Qazlal.
  2821 | D:4      | Noticed an ogre
  2828 | D:4      | Killed an ogre
  2829 | D:4      | Reached XP level 7. HP: 52/52 MP: 1/11
  2876 | D:4      | Found a staircase to the Ecumenical Temple.
  2881 | Temple   | Entered the Ecumenical Temple
  2886 | Temple   | Became a worshipper of Kikubaaqudgha
  3021 | D:4      | Found a sand-covered staircase.
  3032 | Ossuary  | Entered an ossuary
  3094 | Ossuary  | Reached * piety under Kikubaaqudgha
  3094 | Ossuary  | Received a gift from Kikubaaqudgha
  3393 | D:4      | Reached XP level 8. HP: 60/60 MP: 10/13
  3885 | D:5      | Entered Level 5 of the Dungeon
  3913 | D:5      | Reached skill level 5 in Fighting
  3926 | D:5      | Reached skill level 5 in Armour
  3951 | D:5      | Reached skill level 5 in Spellcasting
  4053 | D:5      | Found Huqiupn's Book Shoppe.
  4065 | D:5      | Noticed Blork the orc
  4079 | D:5      | Reached XP level 9. HP: 44/68 MP: 12/18
  4086 | D:5      | You fall into a shaft and drop 1 floor!
  4205 | D:5      | Reached ** piety under Kikubaaqudgha
  4294 | D:6      | Reached skill level 1 in Necromancy
  4429 | D:5      | Found a shadowy altar of Dithmenos.
  4482 | D:5      | Found a snail-covered altar of Cheibriados.
  4570 | D:5      | Noticed Sigmund
  4585 | D:5      | Killed Sigmund
  4586 | D:5      | Killed Blork the orc
  4633 | D:5      | Reached skill level 5 in Necromancy
  4870 | D:6      | Noticed Eustachio
  4889 | D:6      | Killed Eustachio
  5032 | D:6      | Learned a level 2 spell: Sublimation of Blood
  5036 | D:6      | Learned a level 3 spell: Vampiric Draining
  5159 | D:6      | Reached XP level 10. HP: 63/74 MP: 5/20
  5179 | D:6      | Reached *** piety under Kikubaaqudgha
  5179 | D:6      | Received a gift from Kikubaaqudgha
  5196 | D:6      | Learned a level 4 spell: Dispel Undead
  5202 | D:6      | Learned a level 5 spell: Borgnjor's Vile Clutch
  5297 | D:6      | Reached skill level 1 in Earth Magic
  5320 | D:6      | Found Pidiriaf's Jewellery Shop.
  5523 | D:7      | Reached skill level 2 in Earth Magic
  5589 | D:7      | Reached skill level 3 in Earth Magic
  5605 | D:7      | Reached skill level 4 in Earth Magic
  5616 | D:7      | Reached skill level 5 in Earth Magic
  5618 | D:7      | Noticed a two-headed ogre
  5672 | D:7      | Noticed a boulder beetle
  5674 | D:7      | Noticed a gargoyle
  5843 | D:2      | Killed Crazy Yiuf
  5990 | D:6      | Killed a two-headed ogre
  5991 | D:6      | Reached skill level 7 in Earth Magic
  6116 | D:7      | Noticed a gargoyle
  6166 | D:7      | Identified the ring of the Howling Jester {rPois rF+ Int+3
                  | Stlth+}
  6201 | D:7      | Identified the +7 dagger of Dying {drain, Drain rN+ Will+++
                  | Str+5}
  6295 | D:7      | Killed a gargoyle
  6296 | D:7      | Reached skill level 8 in Earth Magic
  6296 | D:7      | Killed a gargoyle
  6468 | D:7      | Killed a boulder beetle
  6469 | D:7      | Reached skill level 9 in Earth Magic
  6469 | D:7      | Reached XP level 11. HP: 37/79 MP: 12/21
  6545 | D:7      | Noticed a cyclops
  6551 | D:7      | Killed a cyclops
  6614 | D:7      | Identified the +2 leather armour of Pan-Flutes {+Blink rF+}
  6873 | D:7      | Learned a level 3 spell: Mephitic Cloud
  7146 | D:8      | Reached skill level 1 in Shields
  7250 | D:8      | Reached skill level 1 in Poison Magic
  7287 | D:8      | Reached **** piety under Kikubaaqudgha
  7288 | D:8      | Reached skill level 1 in Air Magic
  7341 | D:8      | Noticed Harold
  7348 | D:8      | Killed Harold
  7614 | D:8      | Noticed Prince Ribbit
  7615 | D:8      | Found a hazy altar of Hepliaklqana.
  7620 | D:8      | Found a staircase to the Lair.
  7627 | D:8      | Killed Prince Ribbit
  7781 | D:8      | Found an ornate altar of the Wu Jian Council.
  7781 | D:8      | Found a shimmering blue altar of Sif Muna.
  7796 | D:8      | Found a radiant altar of Vehumet.
  8347 | D:9      | Found a sacrificial altar of Ru.
  8387 | D:9      | Reached skill level 5 in Poison Magic
  8619 | D:9      | Noticed a cyclops
  8623 | D:9      | Killed a cyclops
  8645 | D:9      | Noticed a boulder beetle
  8674 | D:9      | Killed a boulder beetle
  8675 | D:9      | Reached skill level 5 in Air Magic
  8675 | D:9      | Reached XP level 12. HP: 77/87 MP: 7/22
  8745 | D:9      | Noticed a tengu warrior
  8797 | D:9      | Killed a tengu warrior
  8843 | D:9      | Noticed a two-headed ogre
  8858 | D:9      | Killed a two-headed ogre
  8858 | D:9      | Reached ***** piety under Kikubaaqudgha
  9283 | D:9      | HP: 3/89 [cyclops/large rock (44)]
  9479 | D:9      | Noticed an anaconda
  9486 | D:9      | Noticed a sea snake
  9486 | D:9      | an anaconda changed into a sea snake
  9494 | D:9      | Killed a sea snake
  9612 | D:9      | Gained mutation: You are agile. (Dex +2) [potion of
                  | mutation]
  9612 | D:9      | Gained mutation: You are partially covered in iridescent
                  | scales. (AC +2) [potion of mutation]
  9612 | D:9      | Gained mutation: You are dopey. (Int -2) [potion of
                  | mutation]
  9617 | D:10     | Entered Level 10 of the Dungeon
  9695 | D:10     | Found a sparkling altar of Nemelex Xobeh.
  9865 | D:10     | Found a runed translucent gate.
  9866 | D:10     | Found a runed translucent gate.
  9866 | D:10     | Found an opulent altar of Gozag.
  9867 | D:10     | Found a runed translucent gate.
  9877 | D:10     | Noticed sneaky's ghost (novice GnFi)
 10103 | D:10     | Found a basalt altar of Yredelemnul.
 10106 | D:10     | Noticed a profane servitor
 10126 | D:10     | Found a glowing golden altar of the Shining One.
 10128 | D:10     | Noticed an angel
 10433 | D:11     | Identified the +1 robe of Puest {rC+ Int+9}
 10501 | D:11     | Noticed a two-headed ogre
 10508 | D:11     | Killed a two-headed ogre
 10509 | D:11     | Reached skill level 5 in Dodging
 10560 | D:11     | Reached XP level 13. HP: 93/98 MP: 7/23
 10595 | D:11     | Noticed Sonja
 10601 | D:11     | Killed Sonja
 11166 | D:12     | Found a staircase to the Orcish Mines.
 11256 | D:12     | Noticed a boulder beetle
 11267 | D:12     | Killed a boulder beetle
 11977 | Orc:1    | Entered Level 1 of the Orcish Mines
 12592 | Orc:2    | Entered Level 2 of the Orcish Mines
 12592 | Orc:2    | Found a staircase to the Elven Halls.
 12786 | Orc:2    | Reached ****** piety under Kikubaaqudgha
 12912 | Orc:1    | Received a gift from Kikubaaqudgha
 12934 | Orc:1    | Fell from the grace of Kikubaaqudgha
 13135 | Temple   | Became a worshipper of Gozag Ym Sagoz the Greedy
 13259 | D:10     | Killed sneaky's ghost
 13270 | D:10     | Reached skill level 10 in Fighting
 13270 | D:10     | Reached skill level 10 in Armour
 14311 | Orc:2    | Reached XP level 14. HP: 102/110 MP: 14/26
 14571 | Orc:2    | Found Pufazyl's Antique Weapon Boutique.
 14571 | Orc:2    | Found Doffu's Assorted Antiques.
 14587 | Orc:2    | Found Onopah's Book Emporium.
 14589 | Orc:2    | Found Keenexze's Antique Armour Shop.
 14594 | Orc:2    | Bought a scroll labelled IHUOMPUNOPH for 31 gold pieces
 14594 | Orc:2    | Bought a fizzy blue potion for 27 gold pieces
 14594 | Orc:2    | Bought a viscous emerald potion for 27 gold pieces
 14594 | Orc:2    | Bought a black potion for 27 gold pieces
 14751 | D:12     | Learned a level 5 spell: Bolt of Magma
 14857 | D:6      | Bought the ring "Goladucoxt" {rC+ AC+4 Stlth+} for 580 gold
                  | pieces
 16309 | D:14     | Reached skill level 5 in Shields
 16309 | D:14     | Reached skill level 10 in Spellcasting
 16312 | D:14     | Reached skill level 10 in Earth Magic
 16637 | D:14     | Reached skill level 10 in Necromancy
 16794 | D:14     | Found a gate to the Vaults.
 17451 | D:14     | Found a white marble altar of Elyvilon.
 17486 | D:15     | Entered Level 15 of the Dungeon
 17672 | D:15     | Reached skill level 11 in Earth Magic
 17680 | D:15     | Found a staircase to the Depths.
 17696 | D:15     | Reached XP level 15. HP: 114/115 MP: 16/29
 18019 | D:15     | Found a broken altar of Ashenzari.
 18022 | D:15     | Identified the +8 chain mail "Foevvasm" {+Blink rPois
                  | rCorr}
 18605 | D:15     | Was forgiven by Kikubaaqudgha
 18993 | Lair:1   | Entered Level 1 of the Lair of Beasts
 20071 | Lair:2   | Found a staircase to the Shoals.
 20188 | Lair:2   | Reached skill level 12 in Earth Magic
 20191 | Lair:2   | Identified the +0 leather armour of the Gardener {Str+3
                  | Int-5 Dex+5 Slay-6}
 20674 | Lair:3   | Found a frozen archway.
 20848 | Lair:3   | Reached skill level 10 in Shields
 20858 | IceCv    | Entered an ice cave
 21367 | IceCv    | Found an ancient bone altar of Kikubaaqudgha.
 21547 | IceCv    | Got the Collected Works on the Doomed Glacier
 21991 | Lair:3   | Reached XP level 16. HP: 122/122 MP: 22/30
 22075 | Lair:3   | Found a staircase to the Snake Pit.
 22827 | Lair:4   | Found the +1 cloak of Starlight {*Dazzle EV+4 Stlth--}
 23396 | Lair:5   | Noticed Nessos
 23433 | Lair:5   | Killed Nessos
 23729 | Lair:5   | Found a viscous altar of Jiyva.
 23729 | Lair:5   | Found a staircase to the Slime Pits.
 23874 | Lair:6   | Entered Level 6 of the Lair of Beasts
 23962 | Lair:6   | Found a gate leading to a gauntlet.
 24022 | Gauntlet | Entered a Gauntlet
 24022 | Gauntlet | Found a transporter.
 24030 | Gauntlet | Found a runed translucent door.
 24033 | Gauntlet | Found a transporter.
 24034 | Gauntlet | Found a transporter.
 24035 | Gauntlet | Found a transporter.
 24046 | Gauntlet | Found a transporter.
 24047 | Gauntlet | Found a transporter.
 24051 | Gauntlet | Found a transporter.
 24056 | Gauntlet | Found a transporter.
 24058 | Gauntlet | Found a transporter.
 24059 | Gauntlet | Found a transporter.
 24063 | Gauntlet | Found a runed translucent door.
 24065 | Gauntlet | Found a runed translucent door.
 24067 | Gauntlet | Found a transporter.
 24070 | Gauntlet | Found a transporter.
 24071 | Gauntlet | Found a transporter.
 24079 | Gauntlet | Found a transporter.
 25155 | Lair:6   | Reached skill level 15 in Shields
 25290 | Lair:6   | Reached skill level 13 in Earth Magic
 25483 | Lair:6   | Found a corrupted altar of Lugonu.
 25492 | Lair:6   | Found a one-way gate to the infinite horrors of the Abyss.
 26124 | Snake:1  | Entered Level 1 of the Snake Pit
 26318 | Snake:1  | Reached XP level 17. HP: 96/128 MP: 17/31
 26346 | Snake:1  | Identified the +3 ring mail of the Wasteland {Dex+3 Stlth+}
 26376 | Snake:1  | Reached skill level 14 in Earth Magic
 27926 | Snake:3  | Identified the +5 dire flail "Hoedam" {vorpal, Str+4 SInv}
 27954 | Snake:3  | Reached skill level 15 in Earth Magic
 28147 | Snake:3  | Noticed Bai Suzhen
 28182 | Snake:3  | Killed Bai Suzhen
 28338 | Snake:3  | Found Boep's Book Shop.
 28339 | Snake:3  | Found Mafad's Jewellery Shoppe.
 28340 | Snake:3  | Found Zaymno Etues's Book Shop.
 28793 | Snake:3  | Found a large runed translucent door.
 28793 | Snake:3  | Found a large runed translucent door.
 28798 | Snake:3  | Noticed Tzialkovskiy's ghost (adept MiFi)
 28814 | Snake:3  | Killed Tzialkovskiy's ghost
 28829 | Snake:3  | Identified the +8 rapier "Giantslayer" {antimagic, rF++
                  | Stlth+}
 28834 | Snake:3  | Identified the +4 ring mail of the Old World {Harm Str+4
                  | Stlth+}
 29298 | Snake:4  | Entered Level 4 of the Snake Pit
 29298 | Snake:4  | Noticed Saint Roka
 29319 | Snake:4  | Killed Saint Roka
 29320 | Snake:4  | Reached skill level 16 in Earth Magic
 29805 | Snake:4  | Found Bib Towk's Magic Scroll Boutique.
 29813 | Snake:4  | Bought a scroll of identify for 26 gold pieces
 29813 | Snake:4  | Bought a scroll of identify for 26 gold pieces
 29813 | Snake:4  | Bought a scroll of identify for 26 gold pieces
 29813 | Snake:4  | Found Yriziob's Jewellery Shop.
 29941 | Snake:4  | Reached XP level 18. HP: 96/134 MP: 23/32
 30006 | Snake:4  | Identified the amulet "Nibigg" {Fly Regen+ Str+3 SInv}
 30425 | Snake:4  | Reached skill level 17 in Earth Magic
 30803 | Snake:4  | Got a serpentine rune of Zot
 31028 | Shoals:1 | Entered Level 1 of the Shoals
 31420 | Shoals:1 | Found Akkeup's Jewellery Boutique.
 31709 | Shoals:1 | Reached skill level 15 in Necromancy
 31980 | Shoals:2 | Identified the +3 flail of Vuyrew {vamp, rElec rF+}
 32039 | Shoals:2 | Learned a level 8 spell: Necromutation
 32166 | Shoals:2 | Noticed a kraken
 32279 | Shoals:2 | Killed a kraken
 32537 | Shoals:2 | Reached skill level 18 in Earth Magic
 32895 | Shoals:3 | Noticed Aizul
 32906 | Shoals:3 | Killed Aizul
 33200 | Shoals:3 | Reached XP level 19. HP: 135/140 MP: 28/33
 33300 | Shoals:3 | Noticed Ilsuiw
 33531 | Shoals:3 | Noticed Polyphemus
 33544 | Shoals:3 | Killed Polyphemus
 33987 | Shoals:3 | Killed Ilsuiw
 34349 | Shoals:3 | Identified a scroll of acquirement
 34356 | Shoals:3 | Lost mutation: You are partially covered in iridescent
                  | scales. (AC +2) [potion of mutation]
 34356 | Shoals:3 | Lost mutation: You are agile. (Dex +2) [potion of mutation]
 34356 | Shoals:3 | Lost mutation: You are dopey. (Int -2) [potion of mutation]
 34356 | Shoals:3 | Gained mutation: You are weak. (Str -2) [potion of
                  | mutation]
 34356 | Shoals:3 | Gained mutation: You are resistant to electric shocks.
                  | (rElec) [potion of mutation]
 34356 | Shoals:3 | Gained mutation: You are strong-willed. (Will+) [potion of
                  | mutation]
 34381 | Shoals:4 | Entered Level 4 of the Shoals
 34476 | Shoals:3 | HP: 7/140 [poisoned by a sea snake]
 34479 | Shoals:3 | HP: 3/140 [poisoned by a sea snake]
 34484 | Shoals:3 | HP: 4/140 [poisoned by a sea snake]
 34704 | Shoals:4 | Reached skill level 19 in Earth Magic
 34900 | Shoals:4 | Got the Tome of Floating Combat Magic
 35577 | Shoals:4 | Got a barnacled rune of Zot
 36407 | Orc:2    | Bought a potion of curing for 93 gold pieces
 36407 | Orc:2    | Bought a potion of curing for 93 gold pieces
 36407 | Orc:2    | Bought a scroll of enchant armour for 232 gold pieces
 36408 | Orc:2    | Bought an ichor-stained trident for 246 gold pieces
 36408 | Orc:2    | Identified the +2 trident "Lawkev" {drain, Fragile rElec
                  | rC++ Str+8} (You bought it in a shop on level 2 of the
                  | Orcish Mines)
 36515 | Vaults:1 | Entered Level 1 of the Vaults
 36688 | Vaults:1 | Reached XP level 20. HP: 123/147 MP: 29/34
 36697 | Vaults:1 | Reached skill level 20 in Earth Magic
 37114 | Vaults:1 | Found Unuquug's Antique Weapon Boutique.
 37178 | Vaults:1 | Bought a fine spear for 320 gold pieces
 37178 | Vaults:1 | Identified the +7 spear of the Jester {freeze, rF+ Str-5
                  | SInv} (You bought it in a shop on level 1 of the Vaults)
 38600 | Vaults:2 | Identified the +7 hand axe of the Aged Visions {antimagic,
                  | rElec rF+ rCorr Stlth+}
 38740 | Vaults:2 | Mangled by a yaktaur captain

Illustrated notes

Levels and vault maps discovered:
D:1:      shiori_arrival_oz, layout_basic, minmay_misc_feat_tiny,
          minmay_tetromino_l2
D:2:      layout_basic, serial_shops, shop, serial_aquarium,
          aquarium_bridge_square [aquarium_subvault_bridge,
          aquarium_subvault_wall, aquarium_subvault_balcony,
          aquarium_subvault_wall], aquarium_bridge_long_separate
          [aquarium_subvault_bridge, aquarium_subvault_wall,
          aquarium_subvault_bridge, aquarium_subvault_balcony,
          aquarium_subvault_bridge, aquarium_subvault_bridge],
          aquarium_window_1, aquarium_window_fake, aquarium_window_1,
          aquarium_view_2c, aquarium_view_2g, aquarium_balcony_5b,
          aquarium_pool_S, dreamdust_ecumenical_altar_angels_and_demons,
          uniq_crazy_yiuf_cottage
D:3:      minmay_octagon_keep, layout_rooms, nicolae_qazlal_general_emergency
D:4:      layout_loops_ring, temple_doors_e, gup_ossuary_entry_pyramid
D:5:      layout_loops_ring, nicolae_dithmenos_through_a_glass_darkly,
          marbit_many_paths, serial_shops, shop, chequers_serial_rivers_micro_c,
          serial_bayou_pond_c, uniq_sigmund, uniq_blork_the_orc
D:6:      layout_loops_ring, serial_shops, nicolae_lakefront_shop,
          uniq_eustachio
D:7:      minmay_the_grid_square_5x5_3x3 [minmay_the_grid_square_5x5_trominoes,
          minmay_the_grid_square_5x5_lines,
          minmay_the_grid_square_5x5_eight_small,
          minmay_the_grid_square_5x5_hollow_slash,
          minmay_the_grid_square_5x5_megaprize_diamond,
          minmay_the_grid_square_5x5_comb, minmay_the_grid_square_5x5_moneybag,
          minmay_the_grid_square_5x5_fancy_junction,
          minmay_the_grid_square_5x5_corner], layout_rooms
D:8:      layout_basic, nicolae_overflow_quartered_altars, dpeg_oklobed_lair,
          centaur_isle, uniq_prince_ribbit1, uniq_harold
D:9:      nzn_winding_woodlands_medium [nzn_winding_woodlands_5x5_cross,
          nzn_winding_woodlands_5x15_pockets, nzn_winding_woodlands_5x5_default,
          nzn_winding_woodlands_5x5_three,
          nzn_winding_woodlands_center_pierced_h,
          nzn_winding_woodlands_5x5_checkerboard,
          nzn_winding_woodlands_5x5_open_star,
          nzn_winding_woodlands_5x15_zeroes, nzn_winding_woodlands_hourglass],
          layout_long_grid, hangedman_ru_absence, grunt_tough_drop
D:10:     layout_roguey [special_room_orc], grunt_temple_overflow_holy_war,
          nemelex_altar_shiori, ebering_ghost_gozag, fountainhead,
          kennysheep_minor_cross, chequers_serial_rivers_micro_e
D:11:     layout_roguey, lemuel_another_geyser, uniq_sonja
D:12:     layout_basic, orc_0_dummy
D:13:     layout_stronghold
D:14:     layout_basic, david_vaults_1, nicolae_elyvilon_temple_path,
          lemuel_flamethrower_hall
D:15:     gammafunk_depths_entry_grave, layout_long_grid,
          evilmike_ruin_ashenzari
Temple:   minmay_freezing_vapour_temple
Lair:1:   layout_layer_cave, grunt_megastairs_2
Lair:2:   layout_hall_layers, elwin_shoals_entry_rocks, grunt_megastairs_4
Lair:3:   layout_long_grid, minmay_snake_entry_six_corridors,
          portal_ice_cave_entry_imps
Lair:4:   layout_cave_shapes, chequers_serial_rivers_small_b,
          hibernation_bobbens
Lair:5:   layout_hall_layers, dpeg_slime_entry_enclosed_altar, uniq_nessos
Lair:6:   hellmonk_lair_end_abyssal_woods, layout_regular_city,
          gauntlet_entry_generic, minmay_lair_oklob_chamber
Shoals:1: layout_shoals, serial_shops, shop
Shoals:2: layout_shoals
Shoals:3: layout_shoals, hangedman_shoals_cup_caves, uniq_ilsuiw,
          uniq_polyphemus, uniq_aizul
Shoals:4: shoals_end_simple, layout_shoals
Snake:1:  layout_misc_corridors
Snake:2:  layout_chambers
Snake:3:  layout_layer_cave, ebering_ghost_disaster_area,
          nicolae_snake_dead_anacondas, grunt_megastairs_3, lemuel_fruit_tree,
          minmay_shop_grove, uniq_bai_suzhen
Snake:4:  johnstein_snake_rune_scales, layout_cave_town, minmay_shoptagon,
          uniq_saint_roka
Orc:1:    layout_caves
Orc:2:    st_orc_rangers, layout_caves
Vaults:1: v_rooms_6, ontoclasm_vaults_hangar, nicolae_vaults_border_crossing,
          nicolae_vaults_mini_display_case, v_misc_33, ontoclasm_vaults_spin,
          st_quartered_hall, nicolae_vaults_network_square,
          nicolae_vaults_shelves_hall, nicolae_vaults_asterisk,
          grunt_vaults_hallway_long, vaults_room_ringed_pool,
          layout_vaults_omnibox, serial_shops, nicolae_shop_behind_doors
Vaults:2: v_misc_13, v_misc_18, vaults_room_guarded_vault, v_misc_24,
          dpeg_vaults_monster_box, vaults_standard_mumra_x,
          minmay_crypt_entry_simple_sparse, v_misc_13, v_pattern_4,
          vaults_room_stairs_pillars, nicolae_vaults_network_barrier,
          vaults_room_hallway, layout_vaults_ring, serial_glass

Skill      XL: |  1  2  3  4  5  6  7  8  9 10 11 12 13 14 15 16 17 18 19 20 |
---------------+-------------------------------------------------------------+-----
Conjurations   | 4 5 6 |  6.0
Fighting       | 1 3 4 5 8 10 | 10.0
Armour         | 1 2 3 5 7 10 | 10.0
Spellcasting   | 3 6 7 8 10 | 10.0
Necromancy     | 7 9 10 12 13 15 17 19 | 19.4
Earth Magic    | 9 11 12 13 16 18 19 20 | 20.0
Dodging        | 2 5 7 |  7.0
Shields        | 3 7 11 15 | 15.0
Poison Magic   | 6 |  6.0
Air Magic      | 5 6 |  6.0
Stealth        | |  2.4

Action                   |  1- 3 |  4- 6 |  7- 9 | 10-12 | 13-15 | 16-18 | 19-21 || total
-------------------------+-------+-------+-------+-------+-------+-------+-------++-------
Melee: Dagger            |    13 |     2 |       |   252 |   807 |   669 |   474 ||  2217
       Falchion          |       |       |    51 |       |       |       |       ||    51
       Long sword        |       |       |    10 |       |       |       |       ||    10
       Short sword       |       |       |    10 |       |       |       |       ||    10
       Mace              |       |       |       |    22 |       |       |       ||    22
       Trident           |       |       |       |     3 |       |       |       ||     3
 Fire: Hunting sling     |    38 |    78 |    92 |    29 |       |       |       ||   237
 Cast: Magic Dart        |    22 |    11 |     3 |       |       |     3 |       ||    39
       Searing Ray       |    12 |    22 |    48 |    15 |    32 |    12 |     1 ||   142
       Sublimation of Bl |       |       |     1 |    39 |    79 |   109 |    52 ||   280
       Borgnjor's Vile C |       |       |       |    84 |   239 |   332 |   222 ||   877
       Dispel Undead     |       |       |       |    10 |    14 |    11 |       ||    35
       Vampiric Draining |       |       |       |     1 |     1 |     3 |     3 ||     8
       Mephitic Cloud    |       |       |       |     1 |     2 |    11 |     9 ||    23
       Bolt of Magma     |       |       |       |       |       |     4 |       ||     4
Invok: Receive Forbidden |       |       |       |       |     1 |       |       ||     1
       Renounce Religion |       |       |       |       |     1 |       |       ||     1
 Abil: Dig               |     4 |    14 |    10 |    30 |    63 |    26 |    14 ||   161
       Shaft Self        |       |       |     1 |       |       |       |       ||     1
  Use: Scroll            |       |       |       |    10 |    10 |     1 |    13 ||    34
       Potion            |       |       |       |     2 |       |       |     1 ||     3
 Stab: Sleeping          |       |       |     1 |     1 |     8 |     1 |     1 ||    12
       Distracted        |       |       |       |       |     1 |     3 |     2 ||     6
       Confused          |       |       |       |       |     1 |       |     1 ||     2
       Invisible         |       |       |       |       |       |    11 |    12 ||    23
       Petrified         |       |       |       |       |       |       |     5 ||     5
       Fleeing           |       |       |       |       |       |       |     1 ||     1
Armor: Robe              |     9 |     4 |    23 |    11 |   481 |   166 |   101 ||   795
       Leather armour    |       |       |     5 |   296 |       |       |       ||   301
Dodge: Dodged            |    40 |    45 |    85 |   393 |   762 |   548 |   333 ||  2206
Block: Buckler           |       |       |       |    60 |   334 |   158 |       ||   552
       Kite shield       |       |       |       |       |       |   171 |       ||   171
       Tower shield      |       |       |       |       |       |   210 |   754 ||   964
       Rpst.: Falchion   |       |       |     7 |       |       |       |       ||     7
       Long sword        |       |       |     6 |       |       |       |       ||     6
